Map: Prion Terraces

Players

WildCatBrown

  • Race: Protoss Protoss
  • League: Silver

GreenDog - Winner!

  • Race: Protoss Protoss
  • League: Silver

VOD

Have the link to the VOD?

Description

Time

  • Played on: Jan. 11, 2016, 11:38 a.m.
  • Length: 11:00
Show
View Real Time Build Order
Export as new Build Order

WildCatBrown Protoss 

Build Orders: 1 Gate Expand 

Get SALT Encoding   

  12  0:02  Probe (Chrono Boost)  
  13  0:12  Probe (Chrono Boost)  
  14  0:20  Pylon  
  14  0:23  Probe (Chrono Boost)  
  15  0:49  Gateway, Probe (Chrono Boost)  
  16  0:54  Assimilator  
  16  1:00  Probe (Chrono Boost)  
  17  1:10  Probe (Chrono Boost)  
  18  1:21  Nexus  
  18  1:26  Probe (Chrono Boost)  
  19  1:37  Probe (Chrono Boost)  
  20  1:43  Cybernetics Core  
  20  1:47  Probe (Chrono Boost)  
  21  1:57  Gateway  
  21  1:58  Probe (Chrono Boost)  
  22  2:08  Probe (Chrono Boost)  
  22  2:19  Pylon  
  22  2:21  Pylon  
  22  2:22  Warp Gate  
  22  2:28  Probe (Chrono Boost)  
  23  2:39  Mothership Core (Chrono Boost)  
  25  2:46  Assimilator  
  25  2:47  Probe (Chrono Boost)  
  25  2:51  Assimilator  
  26  2:55  Assimilator  
  26  2:57  Probe (Chrono Boost)  
  27  2:58  Adept  
  27  2:59  Pylon  
  29  3:05  Adept  
  31  3:16  Probe x2 (Chrono Boost)  
  31  3:17  Gateway  
  34  3:27  Probe x2 (Chrono Boost)  
  34  3:29  Adept  
  34  3:33  Adept  
  39  3:38  Probe (Chrono Boost)  
  40  3:47  Probe (Chrono Boost)  
  41  3:50  Robotics Facility  
  41  4:02  Probe x2 (Chrono Boost), Pylon  
  43  4:13  Twilight Council  
  43  4:14  Probe x2 (Chrono Boost)  
  43  4:16  Pylon  
  45  4:25  Probe x2 (Chrono Boost)  
  47  4:33  Gateway  
  47  4:34  Gateway  
  47  4:35  Probe (Chrono Boost)  
  47  4:36  Adept  
  50  4:41  Sentry x2  
  50  4:44  Warp Prism  
  54  4:50  Resonating Glaives (Chrono Boost)  
  56  4:54  Probe  
  56  4:55  Probe  
  58  5:04  Stalker  
  58  5:06  Probe  
  58  5:07  Probe  
  62  5:19  Probe, Gateway  
  63  5:25  Stalker  
  63  5:26  Stalker  
  67  5:34  Probe x2  
  69  5:38  Stalker x2  
  73  5:46  Probe x2  
  75  5:51  Observer  
  76  5:57  Forge  
  76  5:59  Forge  
  76  6:21  Nexus  
  76  6:23  Pylon  
  76  6:26  Pylon  
  76  6:30  Protoss Ground Weapons Level 1 (Chrono Boost)  
  76  6:31  Assimilator  
  76  6:32  Protoss Ground Armor Level 1 (Chrono Boost)  
  76  6:34  Assimilator  
  76  6:36  Immortal  
  76  6:39  Probe x2  
  76  7:05  Stalker x4  
  76  7:06  Stalker  
  82  7:10  Immortal  
  86  7:16  Blink (Chrono Boost)  
  86  7:21  Probe  
  86  7:22  Probe  
  88  7:34  Probe x2  
  90  7:45  Stalker  
  90  7:46  Stalker x5, Probe  
  103  7:54  Warp Prism  
  103  7:58  Probe  
  104  7:59  Robotics Facility  
  104  8:01  Robotics Facility  
  106  8:07  Probe x2  
  86  8:28  Stalker x3  
  86  8:29  Stalker x3  
  68  8:55  Stalker x3  
  72  8:56  Stalker x2  
  78  9:36  Pylon  
  78  9:39  Pylon  
  78  9:42  Pylon  
  78  10:06  Nexus  
  78  10:07  Immortal x2  
  86  10:18  Nexus  
  86  10:20  Assimilator  
  86  10:25  Robotics Bay, Assimilator  
  86  10:28  Pylon  
  82  10:30  Pylon  
  82  10:31  Pylon  
  82  10:34  Stalker, Pylon  
  82  10:35  Stalker x3  
  80  10:36  Stalker  
  62  10:51  Stalker  
  62  10:54  Stalker  
Show
View Real Time Build Order
Export as new Build Order

GreenDog Protoss - Winner!

Build Orders: Double Forge 

Get SALT Encoding   

  12  0:02  Probe (Chrono Boost)  
  13  0:12  Probe (Chrono Boost)  
  14  0:19  Pylon  
  14  0:23  Probe (Chrono Boost)  
  15  0:37  Probe (Chrono Boost)  
  15  0:41  Gateway  
  16  0:48  Probe (Chrono Boost)  
  17  0:51  Pylon  
  17  0:57  Assimilator  
  17  1:14  Gateway  
  17  1:16  Probe (Chrono Boost)  
  18  1:27  Probe (Chrono Boost)  
  18  1:29  Cybernetics Core  
  19  1:32  Zealot (Chrono Boost)  
  19  1:37  Probe (Chrono Boost)  
  22  1:55  Assimilator  
  22  2:06  Warp Gate (Chrono Boost)  
  22  2:08  Pylon  
  22  2:19  Nexus  
  22  2:25  Probe (Chrono Boost)  
  23  2:36  Probe (Chrono Boost)  
  24  2:38  Gateway  
  24  2:42  Pylon  
  24  2:46  Probe (Chrono Boost)  
  24  2:51  Stalker  
  27  3:05  Gateway  
  27  3:36  Gateway  
  27  3:41  Gateway, Probe  
  27  3:44  Forge  
  28  3:52  Probe  
  29  3:58  Forge  
  29  4:01  Pylon  
  29  4:03  Probe  
  30  4:11  Stalker  
  30  4:13  Probe  
  33  4:24  Probe, Protoss Ground Weapons Level 1 (Chrono Boost)  
  34  4:35  Gateway  
  34  4:38  Probe  
  34  4:44  Protoss Ground Armor Level 1 (Chrono Boost)  
  35  4:49  Probe  
  35  4:50  Stalker  
  38  4:54  Pylon  
  38  5:00  Stalker, Probe  
  41  5:07  Assimilator  
  41  5:10  Probe  
  42  5:15  Stalker  
  44  5:21  Probe  
  44  5:22  Twilight Council  
  45  5:33  Probe  
  46  5:41  Stalker x2  
  46  5:42  Stalker  
  52  5:43  Stalker  
  54  6:05  Probe  
  54  6:10  Stalker  
  54  6:11  Stalker x2  
  59  6:12  Stalker x2  
  59  6:17  Probe  
  66  6:21  Pylon  
  66  6:23  Pylon  
  66  6:29  Probe  
  67  6:44  Stalker  
  67  6:45  Stalker x2  
  67  6:46  Stalker  
  75  6:47  Stalker  
  76  7:10  Stalker  
  76  7:11  Stalker x2  
  76  7:12  Stalker  
  76  7:15  Probe  
  85  7:26  Nexus  
  85  7:27  Probe  
  86  7:41  Stalker  
  86  7:42  Stalker x2  
  92  7:46  Pylon  
  92  8:10  Protoss Ground Weapons Level 2 (Chrono Boost)  
  80  9:02  Probe  
  80  9:08  Pylon  
  81  9:10  Pylon  
  81  9:13  Stalker x2, Probe  
  81  9:14  Stalker  
  81  9:15  Stalker x4  
  96  9:23  Probe  
  97  9:34  Probe, Assimilator  
  98  9:50  Stalker x2  
  98  9:51  Stalker x2  
  98  9:52  Stalker x3  
Tags
 
Add a new tag
Caveats
  • Supply blocks, unpowered buildings, or Contaminate may cause inaccurate times.
  • Supply counts are checked every 10 seconds.